AoeStats
← jay60809

Arena

503975863Analyzed
1v1 RM · 29d ago on Sep 3, 2026· 45m 28s· 2 players
Game mode
Random Map
Map size
Tiny (2 player)
Population
200
Speed
Normal
Resources
Standard
Victory
Conquest
Starting age
Dark Age
Ending age
Imperial Age
RankedLock teamsTeams togetherTeam positionsShared explorationLock speedFull tech treeHidden civsTurbo modeCheats
Victory
Defeat
🇪🇸 Huns · Spain
915
+17
🇹🇼 Goths · Taiwan
942
-39
mbf2210
11:23 Feudal Age
10:25 Loom
15:48 Castle Age
14:02 Double-Bit Axe
15:01 Horse Collar
21:22 Bow Saw
26:10 Wheelbarrow
30:11 Imperial Age
28:59 Fletching
31:25 Conscription
31:16 Bodkin Arrow
31:12 Town Watch
32:45 Two-Man Saw
32:35 Hand Cart
32:52 Bracer
33:22 Ballistics
34:02 Chemistry
33:14 Masonry
33:10 Town Patrol
33:29 Gold Mining
35:03 Parthian Tactics
35:33 Scale Barding Armor
34:53 Pikeman
35:33 Squires
35:45 Murder Holes
37:05 Man-at-Arms
37:58 Forging
37:49 Scale Mail Armor
37:44 Long Swordsman
38:09 Arson
39:45 Iron Casting
38:37 Two-Handed Swordsman
39:51 Halberdier
41:49 Blast Furnace
41:05 Chain Mail Armor
42:56 Chain Barding Armor
42:36 Padded Archer Armor
43:52 Heavy Cavalry Archer
jay60809
11:29 Feudal Age
11:10 Loom
12:51 Horse Collar
17:15 Castle Age
15:15 Double-Bit Axe
20:28 Bow Saw
21:36 Heavy Plow
23:25 Wheelbarrow
23:23 Gold Mining
24:47 Squires
27:34 Hand Cart
27:45 Scale Mail Armor
27:55 Forging
27:11 Man-at-Arms
28:00 Pikeman
28:58 Town Watch
29:56 Chain Mail Armor
30:16 Iron Casting
34:20 Imperial Age
32:02 Fletching
32:12 Padded Archer Armor
32:59 Anarchy
34:29 Anarchy
35:27 Conscription
35:07 Perfusion
36:38 Blast Furnace
35:05 Halberdier
36:38 Crop Rotation
37:19 Two-Man Saw
37:05 Ballistics
37:46 Chemistry
38:26 Elite Huskarl
39:06 Bodkin Arrow
39:27 Leather Archer Armor
40:22 Bracer
42:41 Elite Skirmisher
Connection lost

Rejoining the realm…

Still unreachable

The connection could not be restored.

Session expired

The server has moved on; the page needs a fresh start.